 Dungeon Crawl Stone Soup version 0.30-a0-168-g0b976cbdc4 (webtiles) character file.

Game seed: 16890410434329501251

2 Iusername the Covered (level 1, 0/19 HPs)
             Began as a Minotaur Fighter on Sept 29, 2022.
             Slain by a gnoll
             ... wielding a +0 flail
              (4 damage)
             ... on level 1 of the Dungeon.
             The game lasted 00:00:54 (6136 turns).

Iusername the Covered (Minotaur Fighter)            Turns: 6136, Time: 00:00:54

Health: 0/19       AC:  7    Str: 20    XL:     1   Next: 33%
Magic:  0/0        EV:  9    Int:  5    God:
Gold:   55         SH:  4    Dex:  9    Spells: 0/0 levels left

rFire   . . .      SeeInvis .    a - +0 rapier
rCold   . . .      Faith    .    c - +0 buckler
rNeg    . . .      Spirit   .    b - +0 scale mail
rPois   .          Reflect  .    (helmet restricted)
rElec   .          Harm     .    (no cloak)
rCorr   .          Rampage  .    (no gloves)
Will    .....                    (no boots)
Stlth   ..........               (no amulet)
HPRegen 0.06/turn                (no ring)
MPRegen 0.07/turn                (no ring)

@: no status effects
A: horns 2, retaliatory headbutt
a: no special abilities


You were on level 1 of the Dungeon.
You visited 1 branch of the dungeon, and saw 2 of its levels.

You collected 55 gold pieces.

Inventory:

Hand Weapons
 a - a +0 rapier (weapon)
Armour
 b - a +0 scale mail (worn)
 c - a +0 buckler (worn)
Scrolls
 e - a scroll of fog {unknown}
 g - 2 scrolls of teleportation {unknown}
 h - a scroll of enchant armour {unknown}
 i - a scroll of enchant weapon {unknown}
 j - a scroll of noise {unknown}
Potions
 d - a potion of might
 f - a potion of degeneration {unknown}


   Skills:
 + Level 3.6 Fighting
 + Level 2.2 Short Blades
 + Level 3.7 Armour
 + Level 3.7 Shields


You couldn't memorise any spells.
You didn't know any spells.
Your spell library contained the following spells:

 Spells                   Type           Power      Damage    Failure   Level
 Blink                    Tloc           0%         N/A       96%         2
 Manifold Assault         Tloc           0%         N/A       100%        4
 Storm Form               Tmut/Air       0%         N/A       100%        7


Dungeon Overview and Level Annotations

Branches:
Dungeon (2/15)

Altars:


Innate Abilities, Weirdness & Mutations

You have a pair of horns on your head.
You reflexively headbutt those who attack you in melee.


Message History

No target in view!
No target in view!
No target in view!
No target in view!
No target in view!
No target in view!
No target in view!
No target in view!
You now have 45 gold pieces (gained 17).
You see here a frilled lizard corpse.
Found a leather armour.
No target in view!
No target in view!
i - a scroll labelled NEBEM LE OZU No target in view!
Found a stone staircase leading down.
No target in view!
You see here a +2 vorpal hand axe.
g - 2 scrolls labelled UNALAHUPNU (gained 1)
Found 3 stones.
No target in view!
j - a scroll labelled NIWNUTT IL OSEOG No target in view!
You now have 55 gold pieces (gained 10).
A gnoll comes into view. It is wielding a +0 flail.
A gnoll is nearby!
A gnoll is nearby!
The gnoll hits you with a +0 flail.
A gnoll is nearby!
A gnoll is nearby!
You hit the gnoll.
The gnoll is lightly wounded.
The gnoll hits you with a +0 flail!
A gnoll is nearby!
You hit the gnoll. Your headbutt misses the gnoll.
The gnoll is heavily wounded.
The gnoll hits you with a +0 flail!
* * * LOW HITPOINT WARNING * * *
The gnoll hits you with a +0 flail.
You die...

#.......# #.(.
#########.#####.###...
......................
#######.###...#.###...
#######.# #.#.#.# #...
###.......# #.#...#
#### ..........#
#.##### ##......## #.#
#....@.# #.. #...g..#
###### #......# #....#
#. ......######.##.#
#. ...... #...##.####
## ......
###.####....# ######
#....# ####.#
#....######.#####
#....#....#......


You could see a gnoll.

Vanquished Creatures
  A giant cockroach (D:1)
  A bat (D:1)
  A frilled lizard (D:1)
3 creatures vanquished.

Notes
Turn   | Place    | Note
-------+----------+-------------------------------------------
     0 | D:1      | Iusername the Minotaur Fighter began the quest for the Orb.
     0 | D:1      | Reached XP level 1. HP: 19/19 MP: 0/0
  5000 | D:1      | Glimpsed the power of Zot.
  6136 | D:1      | Slain by a gnoll

Illustrated notes

Levels and vault maps discovered:
D:1:      mushboom_english_gardens, layout_basic,
          hellmonk_ecumenical_altar_heavens_door
D:2:      layout_basic

Action                   || total
-------------------------++-------
Melee: Rapier            ||     4
Armor: Scale mail        ||     1
Dodge: Dodged            ||     2
Block: Buckler           ||     2

Table legend: (Time is in decaauts)
 A = Elapsed time spent in this place.
 B = Non-inter-level travel time spent in this place.
 C = Inter-level travel time spent in this place.
 D = Time resting spent in this place.
 E = Time spent auto-exploring this place.
 F = Levels seen in this place.
 G = Mean time per level.
                   A        B        C        D        E       F      G
               +--------+--------+--------+--------+--------+-----+--------+
         Total |   6136 |   6136 |      0 |   5881 |    162 |   2 | 3068.0 |
       Dungeon |   6136 |   6136 |      0 |   5881 |    162 |   2 | 3068.0 |
               +--------+--------+--------+--------+--------+-----+--------+

Top non-repeatable levels by time:
     D:1: 6134 daAuts
     D:2: 1 daAuts
